 Dungeon Crawl Stone Soup version 0.27-a0-1147-gb3d8e82157 (webtiles) character file.

Game seed: 11381052919119891336

39 Scarexists the Skirmisher (level 3, -2/29 HPs)
             Began as a Human Fighter on May 11, 2021.
             Slain by a scorpion (7 damage)
             ... on level 2 of the Dungeon.
             The game lasted 00:02:02 (1307 turns).

Scarexists the Skirmisher (Human Fighter)           Turns: 1307, Time: 00:02:02

Health: -2/29      AC:  6    Str: 16    XL:     3   Next: 70%
Magic:  3/3        EV:  7    Int:  9    God:
Gold:   19         SH:  9    Dex: 12    Spells: 2/2 levels left

rFire    . . .     SeeInvis .   a - +0 long sword
rCold    . . .     Faith    .   c - +0 kite shield
rNeg     . . .     Spirit   .   b - +0 scale mail
rPois    .         Reflect  .   (no helmet)
rElec    .         Harm     .   (no cloak)
rCorr    .         Rampage  .   (no gloves)
Will     .....                  (no boots)
Stlth    ..........             (no amulet)
HPRegen  0.09/turn              (no ring)
MPRegen  0.08/turn              (no ring)

@: no status effects
A: no striking features
a: no special abilities


You were on level 2 of the Dungeon.
You visited 1 branch of the dungeon, and saw 2 of its levels.

You collected 19 gold pieces.

Inventory:

Hand Weapons
 a - a +0 long sword (weapon)
Armour
 b - a +0 scale mail (worn)
 c - a +0 kite shield (worn)
 g - a +0 barding
Scrolls
 e - a scroll of blinking {unknown}
Potions
 d - a potion of might
 f - a potion of heal wounds {unknown}


   Skills:
 + Level 3.4 Fighting
 + Level 2.5 Long Blades
 + Level 3.3 Armour
 + Level 3.3 Shields


You had 2 spell levels left.
You didn't know any spells.
Your spell library was empty.

Dungeon Overview and Level Annotations

Branches:
Dungeon (2/15)

Altars:


Message History

You block the bat's attack. The bat hits you but does no damage.
Found a stone staircase leading down.
You hit the bat.
The bat is moderately wounded.
The bat hits you but does no damage. The bat closely misses you.
The bat hits you but does no damage. x2; You block the bat's attack.
You block the bat's attack. The bat hits you but does no damage.
Found 9 stones.
You block the bat's attack. The bat hits you but does no damage.
You closely miss the bat. The bat hits you but does no damage.
You block the bat's attack. The bat hits you but does no damage.
You closely miss the bat. The bat closely misses you.
You riposte.
You slash the bat!
You kill the bat!
There is a stone staircase leading down here.
A hobgoblin comes into view.
The hobgoblin shouts!
A scorpion comes into view.
Found a hand axe.
Found a stone staircase leading up.
There are monsters nearby!
Found a scroll labelled OPRAOD PAGUHETSEISH.
The scorpion barely misses you.
You riposte.
You hit the scorpion.
The scorpion is moderately wounded.
The hobgoblin hits you.
Found an escape hatch in the ceiling.
You barely miss the hobgoblin. You block the scorpion's attack.
The hobgoblin hits you. You block the scorpion's attack.
You completely miss the hobgoblin. The scorpion stings you!
The hobgoblin hits you but does no damage.
You block the scorpion's attack.
The hobgoblin hits you but does no damage.
You barely miss the hobgoblin. You block the scorpion's attack.
The hobgoblin barely misses you. The scorpion stings you.
You barely miss the hobgoblin. The hobgoblin barely misses you.
The scorpion stings you!
* * * LOW HITPOINT WARNING * * *
You block the hobgoblin's attack. The scorpion stings you!
You die...

...........#
######.....#
....<# #.....#
.....# ###.###
....?# # #..##
.....# ...##..##
.<.).#
#..##..#####.....#
#.....#...gs....#
####......@.....#
##......#####..
###....# #....#
######


You could see a scorpion and a hobgoblin.

Vanquished Creatures
  An adder (D:2)
  A dart slug (D:1)
  2 ball pythons (D:1)
  5 bats
  2 endoplasms (D:1)
  A giant cockroach (D:1)
  3 goblins
  2 hobgoblins (D:1)
  4 jackals (D:1)
  2 frilled lizards
  4 rats
27 creatures vanquished.

Notes
Turn   | Place    | Note
-------+----------+-------------------------------------------
     0 | D:1      | Scarexists the Human Fighter began the quest for the Orb.
     0 | D:1      | Reached XP level 1. HP: 18/18 MP: 1/1
   223 | D:1      | Reached XP level 2. HP: 24/24 MP: 2/2
   557 | D:1      | Reached XP level 3. HP: 29/29 MP: 3/3
   652 | D:1      | Found a faded altar of an unknown god.
  1299 | D:2      | Noticed a scorpion
  1307 | D:2      | Slain by a scorpion

Illustrated notes

Levels and vault maps discovered:
D:1:      dpeg_arrival_line_fractal, layout_loops_ring,
          ebering_ecumenical_altar_petrified
D:2:      layout_rooms

Action                   || total
-------------------------++-------
Melee: Long sword        ||    73
Armor: Scale mail        ||    49
Dodge: Dodged            ||    29
Block: Kite shield       ||    43
       Rpst.: Long sword ||    10

Table legend: (Time is in decaauts)
 A = Elapsed time spent in this place.
 B = Non-inter-level travel time spent in this place.
 C = Inter-level travel time spent in this place.
 D = Time resting spent in this place.
 E = Time spent auto-exploring this place.
 F = Levels seen in this place.
 G = Mean time per level.
                   A        B        C        D        E       F      G
               +--------+--------+--------+--------+--------+-----+--------+
         Total |   1345 |   1302 |     43 |      0 |   1000 |   2 |  672.5 |
       Dungeon |   1345 |   1302 |     43 |      0 |   1000 |   2 |  672.5 |
               +--------+--------+--------+--------+--------+-----+--------+

Top non-repeatable levels by time:
     D:1: 1068 daAuts
     D:2: 276 daAuts
